 Dungeon Crawl Stone Soup version 0.31-a0-963-ga325b2283a (webtiles) character file.

Game seed: 6197261107118336067

3 Arzdou the Gusty (level 1, -1/10 HPs)
             Began as a Deep Elf Air Elementalist on Oct 25, 2023.
             Slain by a hobgoblin (3 damage)
             ... on level 1 of the Dungeon.
             The game lasted 00:00:32 (98 turns).

Arzdou the Gusty (Deep Elf Air Elementalist)          Turns: 98, Time: 00:00:33

Health: -1/10      AC:  2    Str:  5    XL:     1   Next: 41%
Magic:  0/6        EV: 12    Int: 19    God:
Gold:   39         SH:  0    Dex: 15    Spells: 5/6 levels left

rFire   . . .        e - +0 short sword
rCold   . . .        (no shield)
rNeg    . . .        a - +0 robe
rPois   .            (no helmet)
rElec   .            (no cloak)
rCorr   .            (no gloves)
SInv    .            (no boots)
Will    .....        (no amulet)
Stlth   ++           (no ring)
HPRegen 0.21/turn    (no ring)
MPRegen 0.10/turn

%: no passive effects
@: very slightly contaminated
A: no striking features
a: no special abilities


You were on level 1 of the Dungeon.
You visited 1 branch of the dungeon, and saw 1 of its levels.

You collected 39 gold pieces.

Inventory:

Hand Weapons
 e - a +0 short sword (weapon)
Armour
 a - a +0 robe (worn)
Scrolls
 d - a scroll of enchant armour {unknown}
Potions
 b - a potion of magic
 c - a potion of enlightenment {unknown}


   Skills:
 + Level 2.5 Dodging
 + Level 2.5 Stealth
 + Level 3.0 Spellcasting
 + Level 1.2 Conjurations
 + Level 3.0 Air Magic


You had 5 spell levels left.
You knew the following spells:

 Your Spells              Type           Power      Damage    Failure   Level
a - Shock                 Conj/Air       44%        1d5       6%          1

Your spell library contained the following spells:

 Spells                   Type           Power      Damage    Failure   Level
 Static Discharge         Conj/Air       22%        3-4/arc   10%         2
 Swiftness                Air            14%        N/A       13%         3
 Airstrike                Air            7%         2d(1-17)  41%         4


Dungeon Overview and Level Annotations

Branches:
Dungeon (1/15)

Altars:


Message History

You hit the hobgoblin but do no damage. The hobgoblin closely misses you.
Your magical contamination has completely faded away.
You hit the hobgoblin.
The hobgoblin is lightly wounded.
The hobgoblin barely misses you.
You barely miss the hobgoblin.
The hobgoblin is lightly wounded.
The hobgoblin hits you but does no damage.
The hobgoblin misses you. The hobgoblin misses you.
The hobgoblin closely misses you.
There is an open door, spattered with blood here.
The hobgoblin attacks as it pursues you!
The hobgoblin hits you but does no damage.
You see here a +0 short sword.
e - a +0 short sword (weapon)
You are too injured to fight recklessly!
You hit the hobgoblin.
The hobgoblin is severely wounded.
The hobgoblin closely misses you.
You hit the hobgoblin but do no damage.
The hobgoblin is severely wounded.
The hobgoblin hits you.
* * * LOW HITPOINT WARNING * * *
You closely miss the hobgoblin.
The hobgoblin is severely wounded.
The hobgoblin closely misses you.
Aiming: Shock (safe; 6% risk of failure)
Press: ? - help, Q - select action Shift-Dir - straight line, f - hobgoblin
Aim: a hobgoblin (severely wounded, 68% to hit)
You miscast Shock.
You are very lightly contaminated with residual magic.
Nothing appears to happen.
The hobgoblin closely misses you.
You don't have enough magic to cast this spell.
Unknown command.
You closely miss the hobgoblin.
The hobgoblin is severely wounded.
The hobgoblin hits you.
You die...

.. #.#.### ..#.....
.......# [.>....+
......###########
#.....#........
+.....g@....)..
#..^.†#........
#.....#........
##.####..........#
#...###..[.......###
#..................#
#..................#
#......≈.....§.§...#
#.....P≈.....§P....#


You could see a hobgoblin.

Vanquished Creatures
  A giant cockroach (D:1)
  A kobold (D:1)
  A frilled lizard (D:1)
3 creatures vanquished.

Notes
Turn   | Place    | Note
-------+----------+-------------------------------------------
     0 | D:1      | Arzdou the Deep Elf Air Elementalist began the quest for
                  | the Orb.
     0 | D:1      | Reached XP level 1. HP: 10/10 MP: 6/6
    98 | D:1      | Slain by a hobgoblin

Illustrated notes

Levels and vault maps discovered:
D:1:      orjb1_lava_funnel, layout_basic, minmay_misc_feat_enclosed

Action                     || total
---------------------------++-------
  Melee: Short sword       ||     4
         Unarmed           ||     3
   Cast: Shock             ||     5
 Armour: Robe              ||    14
  Dodge: Dodged            ||    15

Table legend: (Time is in decaauts)
 A = Elapsed time spent in this place.
 B = Non-inter-level travel time spent in this place.
 C = Inter-level travel time spent in this place.
 D = Time resting spent in this place.
 E = Time spent auto-exploring this place.
 F = Levels seen in this place.
 G = Mean time per level.
                   A        B        C        D        E       F      G
               +--------+--------+--------+--------+--------+-----+--------+
         Total |     97 |     97 |      0 |      0 |     67 |   1 |   97.0 |
       Dungeon |     97 |     97 |      0 |      0 |     67 |   1 |   97.0 |
               +--------+--------+--------+--------+--------+-----+--------+

Top non-repeatable levels by time:
     D:1: 97 daAuts
